Map: Frost LE

Players

Major (SpeCial) - Winner!

  • Race: Terran Terran
  • League: Master

InZaNe

  • Race: Terran Terran
  • League: Master

Event: DreamHack ZOWIE Open Valencia 2016

VOD

Have the link to the VOD?

Description

Time

  • Played on: July 14, 2016, 10:54 a.m.
  • Length: 15:09

All games in this series

Show
View Real Time Build Order
Export as new Build Order

Major Terran - Winner!

Build Orders: Reaper Expand, Bio Tank, Hellion Banshee 

Get SALT Encoding   

  12  0:00  SCV  
  13  0:12  SCV  
  14  0:17  Supply Depot  
  14  0:24  SCV  
  15  0:29  Refinery  
  15  0:39  SCV  
  16  0:44  Barracks  
  16  0:51  SCV  
  17  1:03  SCV  
  18  1:15  SCV  
  19  1:31  Orbital Command, Reaper  
  20  1:53  Command Center  
  20  1:59  Factory  
  20  2:01  SCV  
  20  2:07  Barracks Reactor  
  21  2:12  Supply Depot  
  21  2:15  SCV  
  22  2:27  SCV  
  23  2:39  SCV  
  23  2:43  Refinery  
  23  2:45  Starport  
  23  2:50  Hellion x2  
  28  2:51  SCV  
  28  2:54  Barracks Tech Lab  
  28  3:03  SCV  
  29  3:06  Orbital Command  
  29  3:12  Hellion  
  31  3:16  Hellion  
  33  3:21  SCV  
  34  3:30  Cloaking Field  
  34  3:35  SCV x2  
  34  3:40  Banshee  
  39  3:43  Hellion  
  39  3:47  SCV, Hellion  
  44  3:50  Supply Depot  
  44  3:53  SCV  
  45  3:59  SCV  
  45  4:06  SCV  
  46  4:12  SCV  
  47  4:21  SCV  
  47  4:23  Supply Depot  
  47  4:24  SCV  
  49  4:25  Command Center  
  49  4:26  Banshee  
  52  4:33  SCV  
  52  4:36  SCV  
  54  4:38  Factory Tech Lab  
  54  4:44  Marine x2  
  54  4:45  SCV  
  57  4:46  Supply Depot  
  57  4:48  SCV  
  58  4:56  Refinery  
  58  4:57  SCV, Refinery  
  58  4:58  Siege Tank  
  62  5:07  Marine x2  
  62  5:08  SCV  
  62  5:09  SCV  
  64  5:20  SCV  
  65  5:21  SCV  
  65  5:22  Engineering Bay x2  
  65  5:25  Marine x2, Viking  
  69  5:32  SCV  
  69  5:34  Siege Tank  
  70  5:42  SCV x2  
  72  5:43  Marine x2  
  74  5:54  SCV x2  
  76  6:02  Orbital Command  
  76  6:06  Siege Tank  
  76  6:11  SCV x2  
  81  6:19  Viking x2  
  81  6:21  Terran Infantry Armor Level 1, Terran Infantry Weapons Level 1  
  85  6:28  SCV x2  
  85  6:31  SCV  
  88  6:35  Marine  
  88  6:37  Barracks  
  88  6:38  Barracks  
  89  6:40  SCV x2  
  89  6:41  Stimpack  
  91  6:48  SCV  
  91  6:52  SCV  
  93  7:01  Supply Depot x2  
  93  7:03  SCV, Medivac x2, Siege Tank  
  101  7:10  Marine  
  101  7:16  SCV  
  101  7:19  SCV  
  101  7:21  SCV  
  101  7:28  SCV  
  101  7:29  Barracks Reactor, Barracks  
  100  7:30  Barracks  
  100  7:31  SCV, Barracks Reactor  
  100  7:33  SCV  
  100  7:34  Supply Depot  
  100  7:35  Siege Tank  
  100  7:36  Supply Depot  
  105  7:38  Medivac  
  105  7:39  Armory  
  105  7:40  SCV  
  105  7:43  SCV  
  109  7:45  SCV, Medivac  
  112  7:52  SCV, Refinery  
  112  7:53  Refinery  
  112  7:54  Supply Depot, Marine  
  112  7:55  SCV  
  112  7:57  SCV  
  116  7:58  Supply Depot  
  116  8:04  SCV  
  117  8:07  Supply Depot, SCV  
  117  8:08  Marine x4  
  117  8:09  SCV  
  117  8:10  Siege Tank  
  117  8:12  Marine  
  126  8:14  Supply Depot  
  126  8:16  SCV  
  126  8:19  SCV  
  129  8:26  Marine  
  130  8:32  Marine x3  
  118  8:35  Medivac x2  
  118  8:36  Barracks Reactor  
  118  8:37  Marine  
  118  8:40  Terran Infantry Weapons Level 2  
  122  8:41  Factory  
  122  8:44  Marine  
  123  8:50  Marine x3, Barracks Reactor, Terran Infantry Armor Level 2  
  122  8:56  Marine  
  122  9:01  Marine  
  124  9:03  Siege Tank  
  124  9:07  Combat Shields  
  124  9:08  Marine x3  
  130  9:12  Marine x2  
  130  9:13  Marine  
  133  9:19  Marine  
  124  9:26  Marine x3  
  124  9:30  Marine x2  
  125  9:31  Marine  
  125  9:33  Factory Tech Lab  
  125  9:35  Marine x2  
  125  9:37  Marine  
  128  9:43  Marine  
  128  9:44  Marine x2  
  119  9:48  Marine x2  
  119  9:49  Marine  
  119  9:51  Medivac x2  
  123  9:53  Marine x2, Siege Tank  
  123  9:55  Marine  
  129  10:01  Marine x3  
  129  10:06  SCV x2, Marine  
  127  10:07  Marine x2  
  116  10:21  Marine x3  
  106  10:22  Marine, SCV x3  
  106  10:24  Marine x2  
  106  10:25  Factory  
  106  10:26  Siege Tank  
  106  10:27  Marine x2  
  120  10:28  Marine  
  120  10:32  Terran Vehicle Weapons Level 1  
  120  10:34  SCV  
  120  10:35  SCV  
  123  10:39  Marine x4  
  123  10:40  Supply Depot  
  123  10:42  Marine x2  
  129  10:45  Marine x2  
  129  10:46  Marine  
  132  10:56  Marine  
  132  10:57  Marine x3  
  133  10:58  Siege Tank  
  133  11:00  Marine x2  
  133  11:03  Marine x2  
  143  11:04  Marine  
  143  11:09  Command Center  
  143  11:10  Medivac x2  
  147  11:14  Marine x2  
  147  11:15  Marine x2  
  147  11:17  Marine  
  147  11:18  Marine  
  153  11:21  Marine x2  
  153  11:22  Marine  
  146  11:30  Siege Tank  
  146  11:32  Marine x2, Terran Infantry Weapons Level 3  
  153  11:33  Marine x2  
  153  11:35  Marine x2  
  153  11:37  SCV x2  
  153  11:39  Marine x2  
  150  11:40  Marine  
  144  11:48  SCV  
  144  11:49  SCV x2  
  144  11:50  Marine x3  
  150  11:59  Factory, Marine x2  
  150  12:00  Marine, SCV  
  150  12:01  SCV, Marine, Terran Infantry Armor Level 3  
  154  12:02  Siege Tank  
  154  12:03  Marine  
  159  12:14  Supply Depot  
  159  12:17  Marine  
  159  12:18  Marine x2  
  159  12:19  Marine x2  
  164  12:27  Marine x2  
  164  12:28  Marine x2  
  168  12:34  Siege Tank  
  168  12:35  Marine x2  
  173  12:40  Barracks  
  173  12:41  Barracks  
  173  12:42  Marine x3  
  176  12:45  Marine x2  
  176  12:48  Planetary Fortress  
  176  12:51  Marine  
  179  13:02  Marine  
  179  13:03  Marine x2  
  182  13:06  Marine x2, Siege Tank  
  187  13:20  Marine  
  188  13:37  Command Center  
  188  13:45  Marine  
  188  13:49  Marine x3  
  188  13:53  Marine  
  188  13:55  Barracks Reactor  
  188  13:56  Marine  
  188  14:00  Marine  
  188  14:01  Missile Turret  
  188  14:02  Marine  
  188  14:04  Viking  
  188  14:05  Siege Tank, Viking  
  188  14:06  Marine x2  
  168  14:11  Marine x4  
  168  14:12  Marine  
  168  14:14  Marine  
  143  14:18  Marine, Siege Tank  
  143  14:20  Marine  
  148  14:24  Marine x2  
  148  14:28  Marine x2  
  148  14:29  Marine x2  
  148  14:30  Marine  
  155  14:31  Marine x2  
  155  14:32  Marine  
  155  14:34  Medivac  
  155  14:35  Medivac  
  155  14:36  Marine  
  155  14:38  Marine  
  164  14:42  Marine  
  160  14:48  Marine x2  
Show
View Real Time Build Order
Export as new Build Order

InZaNe Terran 

Build Orders: Liberator Opening, MMM Bio 

Get SALT Encoding   

  12  0:01  SCV  
  13  0:13  SCV  
  14  0:17  Supply Depot  
  14  0:25  SCV  
  15  0:39  SCV  
  15  0:41  Barracks  
  16  0:45  Refinery  
  16  0:51  SCV  
  17  1:03  SCV  
  18  1:15  SCV  
  19  1:28  Barracks Reactor  
  19  1:29  Orbital Command  
  19  1:47  Command Center  
  19  1:52  Refinery  
  19  1:56  SCV  
  20  2:03  Supply Depot  
  20  2:05  Reaper  
  21  2:08  Reaper  
  21  2:11  SCV  
  22  2:24  SCV  
  23  2:30  Factory  
  23  2:36  SCV  
  24  2:37  Marine  
  24  2:40  Marine  
  26  2:48  SCV  
  27  3:00  Marine x2, SCV  
  27  3:01  Orbital Command  
  30  3:12  SCV  
  31  3:19  Hellion, Starport  
  33  3:21  Marine  
  33  3:23  Marine  
  33  3:24  SCV  
  36  3:33  Supply Depot  
  36  3:36  SCV  
  36  3:37  SCV  
  36  3:40  Marine  
  39  3:43  Factory Tech Lab  
  39  3:47  Liberator  
  39  3:48  SCV  
  40  3:49  SCV  
  40  4:00  SCV  
  40  4:01  SCV  
  40  4:02  Marine x2, Siege Tank  
  49  4:15  Supply Depot  
  48  4:21  Marine x2  
  48  4:23  SCV x2  
  51  4:29  Engineering Bay  
  50  4:35  Cyclone  
  50  4:36  SCV x2  
  56  4:41  Marine x2  
  58  4:47  Supply Depot, Viking  
  58  4:48  Supply Depot  
  60  4:55  Missile Turret  
  60  4:57  Missile Turret  
  60  5:02  SCV, Missile Turret  
  54  5:15  Marine  
  54  5:16  Marine, Siege Tank  
  54  5:17  SCV x2  
  61  5:25  Medivac  
  63  5:29  SCV  
  63  5:30  SCV  
  65  5:42  SCV x2, Barracks  
  67  5:44  Barracks Tech Lab  
  67  5:48  Command Center  
  64  6:00  SCV x2  
  66  6:05  Marine  
  67  6:11  Stimpack  
  67  6:12  SCV x2, Starport Reactor  
  67  6:14  Refinery  
  67  6:15  Supply Depot, Refinery  
  69  6:21  Terran Infantry Weapons Level 1  
  69  6:24  SCV x2, Marauder  
  73  6:26  Siege Tank  
  76  6:36  SCV x2  
  76  6:38  Marine x2  
  80  6:46  Marauder  
  79  6:48  SCV  
  79  6:49  SCV, Barracks  
  79  6:52  Barracks  
  79  6:53  Supply Depot, Barracks  
  81  6:54  Medivac  
  81  6:57  Marine, Medivac  
  86  7:03  Orbital Command  
  86  7:13  Marine, Marauder  
  85  7:24  Marine  
  85  7:25  SCV x2  
  85  7:29  Orbital Command  
  83  7:37  SCV x2  
  83  7:38  Marauder  
  83  7:39  Barracks Tech Lab  
  83  7:40  Barracks Reactor, Barracks Tech Lab  
  83  7:43  Supply Depot  
  87  7:45  Supply Depot  
  87  7:48  Missile Turret  
  87  7:49  SCV x2, Marine  
  87  7:50  Marine  
  91  7:54  Supply Depot, SCV  
  92  7:59  Marauder, Engineering Bay  
  92  8:00  Marauder  
  92  8:01  Combat Shields, SCV  
  92  8:02  SCV, Concussive Shells  
  98  8:07  SCV, Refinery  
  98  8:11  Marine x2, Marauder  
  103  8:13  SCV, Medivac x2  
  103  8:15  Terran Infantry Armor Level 1  
  103  8:16  SCV  
  103  8:19  SCV  
  109  8:22  Marauder x2  
  109  8:24  Marine x2  
  109  8:31  Marine x2  
  109  8:33  Marauder  
  113  8:39  SCV x3  
  116  8:43  Marine x2  
  116  8:44  Marauder x2  
  120  8:51  SCV x3  
  123  8:56  Marine x2, Marauder  
  123  9:00  Supply Depot  
  123  9:02  Marine x2  
  122  9:03  SCV x2  
  122  9:04  SCV  
  122  9:07  Marauder x2, Medivac  
  133  9:12  Supply Depot  
  133  9:13  Supply Depot, Medivac, Siege Tank  
  133  9:15  Marine  
  133  9:16  Marine  
  137  9:21  Marine x2  
  133  9:26  Marine  
  134  9:35  Barracks Reactor  
  134  9:37  Marine x2  
  136  9:39  Marine x2  
  136  9:40  Barracks Reactor  
  136  9:41  Barracks  
  136  9:44  Barracks  
  136  9:45  Marauder  
  134  9:51  Medivac, Siege Tank  
  134  9:52  Medivac  
  134  9:55  Marine x2  
  134  9:57  Marine x2  
  134  9:58  Refinery  
  135  10:00  Armory, Engineering Bay  
  135  10:05  Supply Depot  
  135  10:06  Supply Depot, Marauder  
  137  10:12  Marine x4  
  133  10:14  Marine x2  
  124  10:22  Marine x2  
  124  10:27  Marine  
  124  10:28  Medivac, Command Center  
  123  10:30  Marine x3  
  123  10:32  Barracks Reactor x2  
  126  10:40  Missile Turret  
  126  10:45  Marine  
  126  10:46  Marine x3  
  126  10:47  Siege Tank  
  126  10:48  Marine  
  126  10:49  Terran Infantry Weapons Level 2  
  134  10:53  Terran Infantry Armor Level 2  
  131  11:05  Marine x5  
  131  11:06  Marine x4  
  131  11:07  Medivac  
  131  11:08  Medivac  
  143  11:15  Marine x3  
  146  11:22  Marine  
  146  11:23  Siege Tank  
  150  11:32  Marine x3  
  151  11:33  Marine x9  
  162  11:46  Marine  
  135  11:47  Medivac x2  
  135  11:50  Marine x2  
  135  11:52  Marine  
  135  11:53  Marine x2  
  144  11:55  Siege Tank  
  129  12:09  Marine x2  
  129  12:10  Marine x7  
  129  12:13  Marine  
  129  12:14  Marine x2  
  141  12:17  Medivac  
  141  12:20  Sensor Tower  
  143  12:27  Marine x2, Siege Tank  
  143  12:29  Planetary Fortress  
  149  12:33  Sensor Tower, SCV x2  
  151  12:39  Marine x4  
  151  12:40  Marine  
  154  12:46  Missile Turret  
  151  12:56  Marine x2  
  153  13:02  Siege Tank  
  153  13:05  Marine x4  
  151  13:06  Marine x3  
  151  13:07  Marine  
  151  13:10  Factory  
  158  13:20  Marine x3  
  158  13:21  Viking x2  
  158  13:23  Marine x3  
  158  13:24  Marine x2  
  168  13:42  Marine x2  
  168  13:43  Marine x3  
  168  13:46  Marine x2  
  160  13:49  Marine x3  
  160  13:51  Marine x3  
  160  13:53  Siege Tank  
  160  13:54  Viking x2  
  158  14:00  Marine x3  
  158  14:01  Marine  
  153  14:05  Factory Tech Lab  
  153  14:08  Marine x2  
  142  14:10  Marine x2  
  142  14:14  Marine  
  142  14:15  Marine  
  96  14:17  Marine  
  96  14:18  Marine  
  97  14:29  Marine x5  
  102  14:37  Siege Tank  
  103  14:42  Orbital Command  
  96  14:48  SCV  

Tags
 
Add a new tag
Caveats
  • Supply blocks, unpowered buildings, or Contaminate may cause inaccurate times.
  • Supply counts are checked every 10 seconds.